 Dungeon Crawl Stone Soup version 0.27.1-3-gb3d3a73c9e (webtiles) character file.

Game seed: 10596149072198854831

269 pkoi the Slasher (level 6, 0/53 HPs)
             Began as a Minotaur Gladiator on Oct 7, 2021.
             Slain by an orc wizard (2 damage)
             ... on level 4 of the Dungeon.
             The game lasted 00:03:02 (2682 turns).

pkoi the Slasher (Minotaur Gladiator)               Turns: 2682, Time: 00:03:03

Health: 0/53       AC:  4    Str: 20    XL:     6   Next: 1%
Magic:  5/5        EV: 13    Int:  5    God:
Gold:   141        SH:  0    Dex: 12    Spells: 5/5 levels left

rFire    . . .     SeeInvis .   a - +0 long sword
rCold    . . .     Faith    .   (no shield)
rNeg     . . .     Spirit   .   b - +0 leather armour
rPois    .         Reflect  .   c - +1 hat
rElec    .         Harm     .   (no cloak)
rCorr    .         Rampage  .   (no gloves)
Will     .....                  (no boots)
Stlth    +.........             (no amulet)
HPRegen  0.17/turn              (no ring)
MPRegen  0.09/turn              (no ring)

@: brilliant, attractive, hasted, very quick
A: horns 2, retaliatory headbutt
a: no special abilities


You were on level 4 of the Dungeon.
You visited 1 branch of the dungeon, and saw 4 of its levels.

You collected 141 gold pieces.

Inventory:

Hand Weapons
 a - a +0 long sword (weapon)
Missiles
 d - 3 throwing nets (quivered)
 i - 3 silver javelins
Armour
 b - a +0 leather armour (worn)
 c - a +1 hat (worn)
Jewellery
 g - a ring of ice
Wands
 k - a wand of digging (7)
Scrolls
 h - 3 scrolls of teleportation
 m - a scroll of noise {unknown}
Potions
 e - a potion of invisibility {unknown}


   Skills:
 + Level 4.3 Fighting
 + Level 5.1 Long Blades
 - Level 2.0 Throwing
 + Level 3.2 Armour
 + Level 4.6 Dodging


You had 5 spell levels left.
You didn't know any spells.
Your spell library contained the following spells:

 Spells                   Type           Power      Damage    Failure   Level
 Sublimation of Blood     Necr           0%         N/A       67%         2
 Wereblood                Tmut           0%         N/A       67%         2
 Summon Hydra             Summ           0%         N/A       100%        7


Dungeon Overview and Level Annotations

Branches:
Dungeon (3/15)

Altars:

Shops:
D:2 [


Innate Abilities, Weirdness & Mutations

You have a pair of horns on your head.
You reflexively headbutt those who attack you in melee.


Message History

The orc priest casts a cantrip, but nothing happens.
You miss something. Something hits you.
* * * LOW HITPOINT WARNING * * *
You hit the orc. Your headbutt misses the orc.
The orc is lightly wounded.
The orc misses you.
You riposte.
You completely miss the orc.
The orc is lightly wounded.
Something hits you but does no damage.
You slash the orc!
You kill the orc!
Something hits you but does no damage.
The orc priest hits you with a +0 dagger.
* * * LOW HITPOINT WARNING * * *
You hit the orc priest. You headbutt the orc priest!
The orc priest is almost dead.
Something hits you but does no damage.
The orc priest hits you with a +0 dagger.
* * * LOW HITPOINT WARNING * * *
You hit the orc priest but do no damage.
You headbutt the orc priest.
You kill the orc priest!
You hear some strange, mumbled words.
A magic dart appears from out of thin air!
The magic dart hits you!
* * * LOW HITPOINT WARNING * * *
You have reached level 6!
Your experience leads to an increase in your attributes!
Increase (S)trength, (I)ntelligence, or (D)exterity?
You feel stronger.
It was a potion of brilliance.
You feel clever all of a sudden. Something hits you but does no damage.
The orc hits you but does no damage.
It was a potion of attraction.
You feel attractive to monsters. Something hits you.
* * * LOW HITPOINT WARNING * * *
The orc hits you with a +0 club.
* * * LOW HITPOINT WARNING * * *
It was a potion of haste.
You feel yourself speed up. Something hits you.
You die...

###.≈##..†........#
#.....#..........##
#..≈.o)........... . ###
..#.≈≈...#o.......##.#
...#.#.#.≈.o.##.o.........#
#...#.#..o..##...>.......#
####..#.##≈..###.o{>...≈≈..#
#....>.......#######.#.≈≈≈.
................@o.....≈≈...
#...............{#..........
#...................!....).#
#...........................
.........###...............#
.........###.....###........
#..###............ ..#######
.........#........ .#
...........#......


You could see an orc.

Vanquished Creatures
  A phantom (D:2)
  An orc priest (D:4)
  A bullfrog skeleton (D:4)
  4 adders
  4 gnolls (D:2)
  2 worms
  6 orcs (D:4)
  6 endoplasms
  5 giant cockroaches
  2 goblins
  3 hobgoblins
  3 kobolds
  4 ball pythons
  4 bats
  6 frilled lizards
  8 rats
60 creatures vanquished.

Notes
Turn   | Place    | Note
-------+----------+-------------------------------------------
     0 | D:1      | pkoi the Minotaur Gladiator began the quest for the Orb.
     0 | D:1      | Reached XP level 1. HP: 18/18 MP: 0/0
   324 | D:1      | Reached XP level 2. HP: 24/25 MP: 1/1
   374 | D:1      | Reached skill level 1 in Armour
   615 | D:2      | Reached skill level 4 in Long Blades
   635 | D:2      | Found Imiu's Antique Armour Shop.
   775 | D:2      | Reached XP level 3. HP: 8/31 MP: 2/2
  1315 | D:2      | Noticed a phantom
  1320 | D:2      | Killed a phantom
  1321 | D:2      | Reached XP level 4. HP: 14/40 MP: 3/3
  1533 | D:2      | Reached XP level 5. HP: 32/46 MP: 4/4
  2512 | D:3      | You fall into a shaft and drop 1 floor!
  2559 | D:4      | Reached skill level 5 in Long Blades
  2680 | D:4      | Reached XP level 6. HP: 5/53 MP: 5/5
  2681 | D:4      | HP: 1/53 [orc (2)]
  2682 | D:4      | Slain by an orc wizard

Illustrated notes

Levels and vault maps discovered:
D:1:      dpeg_arrival_tiny_a, layout_basic, minmay_misc_feat_diagonals
D:2:      layout_loops_cross, serial_shops, nicolae_square_shop, st_stairs_4,
          roderic_roman_lattice
D:3:      layout_basic, nicolae_elyvilon_temple_path, slow_altar_1
D:4:      layout_rooms, lemuel_mausoleum_altar_yredelemnul, temple_statues,
          serial_rivers, chequers_serial_rivers_micro_c,
          chequers_serial_rivers_micro_c, chequers_serial_rivers_micro_c,
          chequers_serial_rivers_room_b, chequers_serial_rivers_large_a,
          chequers_serial_rivers_micro_e

Skill      XL: |  1  2  3  4  5 |
---------------+----------------+-----
Armour         | 1 2 3 |  3.2
Long Blades    | 4 5 |  5.1
Fighting       | 3 4 |  4.3
Dodging        | 4 |  4.6
Throwing       | |  2.0

Action                   |  1- 3 |  4- 6 || total
-------------------------+-------+-------++-------
Melee: Long sword        |    55 |    54 ||   109
       Headbutt          |     5 |    11 ||    16
  Use: Scroll            |     3 |     3 ||     6
       Potion            |       |     3 ||     3
Armor: Leather armour    |    18 |    16 ||    34
Dodge: Dodged            |    57 |    36 ||    93
       Rpst.: Long sword |    14 |     6 ||    20
